Map: Ascension to Aiur LE

Players

NORTHAMERICA

  • Race: Protoss Protoss
  • League: Grandmaster
  • Spawn Location: 11:00

앰생이 - Winner!

  • Race: Terran Terran
  • League: Master
  • Spawn Location: 5:00

VOD

Have the link to the VOD?

Description

Time

  • Played on: May 30, 2017, 2:21 a.m.
  • Length: 16:33
Show
View Real Time Build Order
Export as new Build Order

NORTHAMERICA Protoss 

Build Orders: 1 Gate Expand, Blink Stalkers 

Get SALT Encoding   

  12  0:01  Probe (Chrono Boost)  
  13  0:12  Probe (Chrono Boost)  
  14  0:18  Pylon  
  14  0:22  Probe (Chrono Boost)  
  15  0:37  Probe (Chrono Boost)  
  15  0:38  Gateway  
  16  0:47  Probe (Chrono Boost)  
  16  0:49  Assimilator  
  17  0:58  Probe (Chrono Boost)  
  18  1:08  Probe (Chrono Boost)  
  19  1:22  Nexus  
  19  1:33  Cybernetics Core  
  19  1:35  Probe (Chrono Boost)  
  20  1:42  Assimilator  
  20  1:45  Probe (Chrono Boost)  
  21  1:51  Pylon  
  21  1:56  Probe (Chrono Boost)  
  22  2:06  Probe (Chrono Boost)  
  23  2:12  Adept  
  25  2:17  Mothership Core (Chrono Boost)  
  27  2:24  Pylon  
  27  2:25  Warp Gate  
  27  2:36  Probe x2 (Chrono Boost)  
  29  2:46  Probe x2 (Chrono Boost)  
  29  2:49  Twilight Council  
  31  2:57  Probe x2 (Chrono Boost)  
  33  3:06  Robotics Facility  
  33  3:08  Probe (Chrono Boost)  
  33  3:10  Probe (Chrono Boost)  
  35  3:18  Probe (Chrono Boost)  
  36  3:22  Probe (Chrono Boost)  
  36  3:24  Blink  
  37  3:28  Gateway x2  
  37  3:31  Probe (Chrono Boost)  
  38  3:39  Probe (Chrono Boost)  
  39  3:42  Probe (Chrono Boost)  
  40  3:50  Probe (Chrono Boost)  
  40  3:51  Observer  
  40  3:52  Pylon  
  40  3:54  Probe (Chrono Boost)  
  43  3:58  Pylon  
  43  4:02  Probe (Chrono Boost)  
  44  4:05  Assimilator  
  44  4:09  Assimilator  
  45  4:10  Observer  
  45  4:11  Probe (Chrono Boost)  
  45  4:14  Probe (Chrono Boost)  
  47  4:23  Probe (Chrono Boost)  
  47  4:24  Pylon  
  48  4:26  Probe (Chrono Boost)  
  48  4:27  Stalker  
  48  4:28  Stalker x2  
  55  4:35  Probe (Chrono Boost)  
  54  4:51  Stalker  
  54  4:52  Stalker x2, Probe (Chrono Boost)  
  61  4:55  Forge, Probe (Chrono Boost)  
  62  5:04  Probe (Chrono Boost)  
  63  5:09  Probe (Chrono Boost)  
  63  5:11  Robotics Bay  
  64  5:16  Gateway  
  64  5:18  Gateway  
  64  5:21  Pylon  
  64  5:24  Probe (Chrono Boost)  
  65  5:32  Stalker x2  
  69  5:38  Probe (Chrono Boost)  
  69  5:48  Nexus  
  69  5:49  Protoss Ground Weapons Level 1  
  61  5:50  Pylon  
  61  5:55  Probe (Chrono Boost), Robotics Bay  
  62  6:00  Probe (Chrono Boost)  
  63  6:07  Probe (Chrono Boost)  
  63  6:10  Immortal  
  65  6:12  Probe (Chrono Boost)  
  65  6:18  Resonating Glaives  
  70  6:19  Sentry, Probe (Chrono Boost)  
  72  6:29  Probe (Chrono Boost)  
  72  6:31  Probe (Chrono Boost), Pylon  
  74  6:37  Pylon  
  75  6:41  Probe (Chrono Boost)  
  75  6:43  Probe (Chrono Boost)  
  75  6:44  Disruptor  
  76  6:47  Adept  
  76  6:48  Adept x2  
  76  6:53  Probe (Chrono Boost)  
  85  7:15  Disruptor  
  81  7:21  Probe (Chrono Boost)  
  81  7:22  Probe (Chrono Boost)  
  87  7:23  Probe (Chrono Boost)  
  87  7:24  Photon Cannon  
  87  7:34  Probe (Chrono Boost)  
  87  7:36  Stalker  
  87  7:37  Stalker x4  
  90  7:39  Protoss Ground Armor Level 1  
  96  7:44  Photon Cannon  
  96  7:50  Disruptor  
  96  7:53  Probe (Chrono Boost)  
  96  7:54  Probe (Chrono Boost)  
  96  7:58  Photon Cannon, Probe (Chrono Boost)  
  102  8:02  Adept  
  102  8:03  Probe (Chrono Boost)  
  106  8:06  Probe (Chrono Boost)  
  106  8:10  Probe (Chrono Boost), Adept x2  
  111  8:14  Probe (Chrono Boost)  
  111  8:18  Probe (Chrono Boost)  
  113  8:20  Dark Shrine  
  113  8:21  Disruptor  
  113  8:22  Probe (Chrono Boost)  
  113  8:24  Adept x2  
  120  8:33  Probe (Chrono Boost)  
  115  8:36  Adept x3  
  115  8:37  Probe (Chrono Boost)  
  115  8:38  Assimilator  
  122  8:42  Assimilator  
  122  8:51  Pylon  
  122  8:53  Pylon  
  122  8:55  Stargate  
  122  8:56  Stalker  
  122  8:59  Pylon  
  122  9:01  Pylon  
  124  9:04  Disruptor  
  127  9:10  Pylon  
  127  9:12  Stalker x3, Pylon  
  127  9:14  Pylon  
  127  9:16  Stalker  
  123  9:34  Probe (Chrono Boost)  
  123  9:37  Stalker x3  
  130  9:44  Disruptor  
  130  9:50  Stalker  
  130  9:51  Stalker  
  132  9:54  Protoss Ground Armor Level 2  
  132  9:55  Nexus, Probe (Chrono Boost)  
  132  9:56  Pylon  
  132  9:59  Pylon  
  127  10:08  Stalker x3  
  133  10:15  Disruptor  
  133  10:19  Dark Templar x2  
  140  10:27  Gateway  
  140  10:31  Dark Templar  
  140  10:33  Dark Templar  
  140  10:34  Gateway  
  138  10:44  Adept  
  140  10:50  Disruptor  
  137  11:01  Dark Templar  
  137  11:02  Dark Templar  
  141  11:07  Dark Templar  
  141  11:11  Probe (Chrono Boost)  
  144  11:13  Gateway  
  144  11:17  Gateway  
  142  11:19  Gateway  
  142  11:21  Stalker x2, Pylon  
  142  11:23  Photon Cannon  
  142  11:24  Pylon  
  142  11:25  Mothership Core (Chrono Boost)  
  144  11:26  Photon Cannon  
  144  11:30  Disruptor  
  138  11:34  Dark Templar  
  138  11:35  Adept x2  
  145  11:41  Assimilator  
  145  11:44  Adept x2  
  145  11:46  Assimilator  
  149  11:48  Probe (Chrono Boost)  
  145  12:00  Stalker x3  
  145  12:01  Disruptor  
  151  12:07  Adept x2  
  151  12:08  Adept x2  
  162  12:10  Charge  
  148  12:18  Protoss Ground Armor Level 3  
  139  12:31  Adept x2  
  139  12:32  Disruptor, Adept x5  
  153  12:44  Stalker x2  
  160  12:56  Stalker  
  160  12:57  Dark Templar x2  
  162  13:03  Disruptor  
  162  13:05  Probe (Chrono Boost)  
  163  13:17  Stalker x2  
  163  13:18  Stalker x4  
  172  13:22  Probe (Chrono Boost)  
  172  13:25  Dark Templar  
  137  13:49  Templar Archives, Disruptor  
  137  13:51  Adept x7  
  137  13:52  Adept  
  156  14:01  Photon Cannon  
  156  14:05  Photon Cannon  
  151  14:16  Stalker x3  
  155  14:29  Probe (Chrono Boost)  
  154  14:32  Stalker x3  
  158  14:45  Zealot x3  
  156  14:46  Zealot x2  
  156  14:50  Psionic Storm  
  156  14:51  Probe (Chrono Boost), Dark Templar  
  156  15:01  Probe (Chrono Boost)  
  143  15:16  High Templar x3  
  142  15:22  Immortal  
  142  15:25  High Templar x2  
  142  15:26  Zealot x3  
  141  15:34  Probe (Chrono Boost)  
  141  15:44  Probe (Chrono Boost)  
  141  15:46  Nexus  
  137  16:00  Zealot x3  
  137  16:01  Zealot x2  
  140  16:07  Pylon  
  130  16:20  Archon  
Show
View Real Time Build Order
Export as new Build Order

앰생이 Terran - Winner!

Build Orders: Reaper Expand, MMM Bio 

Get SALT Encoding   

  12  0:00  SCV  
  13  0:13  SCV  
  14  0:17  Supply Depot  
  14  0:25  SCV  
  14  0:27  Refinery  
  15  0:38  SCV  
  16  0:45  Barracks  
  16  0:50  SCV  
  17  1:02  SCV  
  18  1:15  SCV  
  19  1:33  Orbital Command, Reaper  
  20  1:43  Command Center  
  20  1:56  Factory  
  20  2:00  SCV  
  21  2:05  Barracks Reactor  
  21  2:15  Refinery, Supply Depot  
  21  2:17  SCV  
  22  2:29  SCV  
  23  2:41  SCV, Marine x2, Widow Mine  
  28  2:46  Starport  
  28  2:53  SCV  
  28  2:55  Orbital Command  
  29  2:59  Marine x2  
  31  3:07  SCV  
  31  3:10  Widow Mine  
  34  3:17  Marine x2  
  34  3:19  SCV  
  37  3:21  SCV  
  37  3:23  Medivac  
  40  3:30  Supply Depot  
  40  3:35  SCV x2  
  41  3:46  Barracks Tech Lab  
  41  3:47  SCV, Widow Mine x2  
  46  3:51  SCV, Supply Depot  
  47  4:00  SCV  
  47  4:01  Supply Depot  
  48  4:03  Medivac  
  48  4:04  SCV  
  48  4:06  Stimpack, Marine  
  52  4:11  Refinery  
  52  4:15  Widow Mine x2  
  56  4:21  SCV x2  
  56  4:24  Marine  
  59  4:33  SCV x2  
  61  4:43  Marine  
  61  4:51  Widow Mine x2  
  60  4:57  Command Center, SCV x2  
  62  5:00  Engineering Bay  
  62  5:03  Barracks x2  
  61  5:08  Marine  
  62  5:15  Bunker  
  62  5:17  Refinery  
  62  5:19  Widow Mine x2  
  66  5:23  Supply Depot  
  66  5:26  Marine  
  66  5:28  Medivac  
  66  5:39  SCV x2  
  66  5:44  Marine  
  67  5:53  Widow Mine x2  
  71  5:57  Barracks Tech Lab, Barracks Reactor  
  71  5:59  Medivac  
  65  6:08  Terran Infantry Weapons Level 1  
  65  6:09  Combat Shields  
  65  6:10  Marauder  
  65  6:11  Orbital Command, Barracks x2  
  67  6:13  SCV x2  
  67  6:17  Supply Depot  
  67  6:18  Concussive Shells, Supply Depot x2  
  69  6:20  Marauder  
  69  6:25  Widow Mine x2  
  73  6:36  Marauder, Marine x2  
  73  6:39  SCV x3  
  80  6:43  Starport Reactor  
  80  6:48  Marauder  
  78  7:07  SCV x2  
  81  7:09  Orbital Command  
  81  7:12  Marauder x2  
  81  7:13  Barracks Tech Lab, Marine x2, Barracks Reactor  
  81  7:14  Widow Mine x2  
  84  7:26  SCV x2  
  86  7:32  Marauder  
  86  7:33  Barracks  
  86  7:34  Marauder x2, Barracks x2  
  86  7:36  Marine x2  
  94  7:38  Medivac x2  
  94  7:42  Widow Mine x2  
  102  7:48  Supply Depot  
  102  7:50  Supply Depot  
  102  7:53  Marine x2  
  102  7:54  Marauder  
  106  7:59  Marauder x2  
  106  8:01  SCV, Supply Depot  
  106  8:02  SCV x2, Terran Infantry Armor Level 1  
  113  8:06  Marine x2  
  113  8:08  Medivac  
  113  8:10  Medivac  
  119  8:20  SCV x3  
  119  8:23  Refinery  
  119  8:25  Barracks Tech Lab x2  
  119  8:26  Barracks Tech Lab  
  124  8:27  Marauder x3, Marine x4  
  121  8:38  Medivac  
  121  8:40  Medivac  
  125  8:46  Marine x4  
  129  8:50  Marauder x6  
  141  9:01  Armory, Engineering Bay  
  141  9:03  Starport  
  141  9:08  Supply Depot  
  141  9:09  Refinery  
  141  9:10  Supply Depot  
  141  9:18  SCV  
  141  9:19  SCV  
  141  9:22  SCV  
  140  9:24  Marauder  
  140  9:25  Marauder, Medivac x2  
  140  9:26  Marauder  
  134  9:34  Widow Mine x2  
  134  9:35  Marauder x2  
  134  9:36  Marauder, Marine  
  128  9:45  Marauder  
  128  9:48  Marine x4  
  128  9:49  Marauder  
  131  9:53  Terran Infantry Weapons Level 2  
  131  9:55  Medivac x2  
  131  9:57  Marauder x2  
  134  10:08  Marauder  
  134  10:09  Marauder x2, Marine x4  
  134  10:11  Marauder  
  146  10:17  SCV x3  
  146  10:20  Supply Depot  
  149  10:23  Supply Depot x2  
  149  10:26  Medivac x2  
  138  10:47  Marauder x3  
  138  10:48  Marauder x3, Marine x4  
  149  11:06  Marine x4  
  149  11:08  Marine  
  149  11:09  Marauder x3  
  154  11:18  Missile Turret  
  154  11:31  Marauder x3  
  154  11:32  Marauder x3, Marine x4  
  163  11:36  Command Center, Terran Infantry Armor Level 2  
  163  11:38  Terran Ship Weapons Level 1  
  159  11:45  Medivac x2  
  163  11:47  Starport Reactor  
  163  11:52  Marauder  
  163  11:53  Marauder x3  
  157  11:58  Marine x4  
  155  12:02  Marauder, Missile Turret  
  150  12:20  Medivac x2  
  133  12:26  Marauder x4  
  133  12:29  Marine x2  
  143  12:30  Marine  
  144  12:55  Medivac x2  
  144  13:12  Marauder x4  
  146  13:14  Marine x2  
  146  13:15  Marine x2  
  146  13:16  Planetary Fortress  
  139  13:23  Marauder x2  
  141  13:33  Marauder x2  
  141  13:34  Marauder x2  
  129  13:46  Marine x4  
  120  13:54  Marauder x2  
  120  13:55  Widow Mine x2  
  128  14:06  Marauder x4, Orbital Command  
  128  14:07  Liberator x4  
  128  14:09  Marine x4  
  140  14:14  Missile Turret  
  150  14:46  Missile Turret  
  150  14:51  SCV  
  150  14:52  SCV x2  
  140  15:11  Refinery  
  140  15:13  SCV x3  
  140  15:14  Marauder x5, Marine  
  137  15:15  Refinery  
  137  15:16  Marine x4  
  133  15:36  Marauder  
  133  15:37  Marauder x5  
  145  15:43  Marine x4  
Tags
 
Add a new tag
Caveats
  • Supply blocks, unpowered buildings, or Contaminate may cause inaccurate times.
  • Supply counts are checked every 10 seconds.